cohdb
Replays
Latest Replays
All Replays
Popular Replays
Top Player Replays
Match Explorer
How It Works
Community
CoH3 Stats
Reddit
Sign in to upload your games and track your stats! →
Sign in with Steam
Match 43024425
Unlisted
Match 43024425
Overview
Messages
Build Orders
End
Construct Infanterie Kompanie
Selects Terror Battlegroup
Selects Machine Gun Camouflage
Grenadier Squad
Grenadier Squad
MG 42 Machine Gun Team
GrW 34 Mortar Team
Construct Panzergrenadier Kompanie
Infanterie Officer Quarters
Pak 40 Anti-tank Gun Team
Panzergrenadier Squad
Construct Panzer Kompanie
Selects Defend the Fatherland
Stoßtruppen Squad
Medical Bunker
Stoßtruppen Squad
Selects Contempt for the Weak
Selects Propaganda Leaflet Drop
Propaganda Leaflet Drop
Panzer IV Medium Tank
Panzer IV Medium Tank
Duffman™
Rummel
Holo
FartNoise
[82AD] PaulVmax
Computer - Hard
r33dys
A Chunky Chaffinch
0
0
Comments
sign in to comment!
No comments posted yet!